 Dungeon Crawl Stone Soup version 0.27.0-1-g7a089689b8 (webtiles) character file.

Game seed: 15992353982216973413

114 ZARRMARR the Conjurer (level 4, -3/34 HPs)
             Began as a Draconian Conjurer on Aug 3, 2021.
             Was an Initiate of Sif Muna.
             Slain by a scorpion (4 damage)
             ... on level 5 of the Dungeon.
             The game lasted 00:15:27 (4955 turns).

ZARRMARR the Conjurer (Draconian Conjurer)          Turns: 4955, Time: 00:15:28

Health: -3/34      AC:  5    Str:  9    XL:     4   Next: 67%
Magic:  6/7        EV: 12    Int: 20    God:    Sif Muna [......]
Gold:   27         SH:  0    Dex: 15    Spells: 7/8 levels left

rFire    . . .     SeeInvis .   b - +0 whip
rCold    + . .     Faith    .   (no shield)
rNeg     . . .     Spirit   .   (armour unavailable)
rPois    .         Reflect  .   (helmet restricted)
rElec    .         Harm     .   (no cloak)
rCorr    .         Rampage  .   (no gloves)
Will     .....                  (no boots)
Stlth    ++........             (no amulet)
HPRegen  0.11/turn              p - ring of protection from cold
MPRegen  0.10/turn              q - +6 ring of dexterity

@: lethally poisoned (-3 -> -17)
A: AC +5, unfitting armour, cold-blooded
a: Renounce Religion


You were on level 5 of the Dungeon.
You worshipped Sif Muna.
Sif Muna was noncommittal.
You visited 1 branch of the dungeon, and saw 5 of its levels.

You collected 53 gold pieces.
You spent 26 gold pieces at shops.

Inventory:

Hand Weapons
 b - a +0 whip (weapon)
Missiles
 f - 155 stones
 i - 56 poisoned darts (quivered)
Magical Staves
 h - a staff of poison
Jewellery
 n - a ring of positive energy
 p - a ring of protection from cold (left hand)
 q - a +6 ring of dexterity (right hand)
Scrolls
 j - 4 scrolls of noise
 k - a scroll of brand weapon
 l - a scroll of amnesia {unknown}
 m - a scroll of torment {unknown}
 o - 2 scrolls of acquirement
 r - a scroll of blinking {unknown}
Potions
 a - a potion of flight {unknown}
 c - 2 potions of might
 d - 3 potions of curing
 e - a potion of magic
 g - a potion of berserk rage


   Skills:
 + Level 0.5 Fighting
 + Level 0.9 Maces & Flails
 + Level 2.1 Dodging
 + Level 2.1 Stealth
 + Level 2.6 Spellcasting
 + Level 5.2 Conjurations


You had 7 spell levels left.
You knew the following spells:

 Your Spells              Type           Power      Damage    Failure   Level
a - Magic Dart            Conj           92%        1d7       1%          1

Your spell library contained the following spells:

 Spells                   Type           Power      Damage    Failure   Level
 Searing Ray              Conj           46%        3d4       2%          2
 Dazzling Flash           Conj/Hex       26%        N/A       16%         3
 Slow                     Hex            2%         N/A       22%         2
 Confusing Touch          Hex            2%         N/A       41%         3
 Fulminant Prism          Conj/Hex       6%         3d7       45%         4
 Iskenderun's Mystic Bla  Conj/Tloc      13%        2d5       45%         4
 Yara's Violent Unravell  Hex/Tmut       1%         3d3       99%         5


Dungeon Overview and Level Annotations

Branches:
Dungeon (5/15)
 Temple: D:4-7

Altars:
Qazlal
Sif Muna
Trog
Vehumet

Shops:
D:1 !   D:2 ?   D:4 *


Innate Abilities, Weirdness & Mutations

Your plain brown scales are hard. (AC +5)
You cannot fit into any form of body armour.
You are cold-blooded and may be slowed by cold attacks.


Message History

You see here 20 arrows.
Found 8 boomerangs of dispersal.
A scorpion comes into view.
Found a stone staircase leading down.
Casting: Magic Dart (safe; 1% risk of failure)
Confirm with . or Enter, or press ? or * to list all spells.
Aiming: Magic Dart (safe; 1% risk of failure)
Press: ? - help, Shift-Dir - straight line, f - scorpion
Aim: a scorpion (asleep, 100% to hit)
The magic dart hits the scorpion.
The scorpion is lightly wounded.
You closely miss the scorpion.
The scorpion is lightly wounded.
The scorpion stings you.
You barely miss the scorpion.
The scorpion is lightly wounded.
The scorpion stings you.
You are poisoned.
The scorpion poisons you!
Unknown command.
You hit the scorpion but do no damage.
The scorpion is lightly wounded.
You feel very sick. The scorpion stings you!
The scorpion stings you but does no damage.
You barely miss the scorpion.
You tail-slap the scorpion, but do no damage.
The scorpion is lightly wounded.
You feel sick. The scorpion closely misses you.
You hit the scorpion but do no damage.
The scorpion is lightly wounded.
You feel sick. The scorpion barely misses you.
You hit the scorpion but do no damage.
The scorpion is lightly wounded.
You feel sick. The scorpion closely misses you.
You barely miss the scorpion.
You feel sick. The scorpion stings you!
* * * LOW HITPOINT WARNING * * *
You are more poisoned.
The scorpion poisons you! The scorpion stings you.
You die...

>...... ....
....... ...####
....... ...#...
....#.(#.......
. .........#..#
..##..........#
......s........
.....##@.....#
..........####
.........##.###
...........<..#
....##......###
....
#..(##...## ...
#....#....# ..
###.....###
#..####


You could see a scorpion.

Vanquished Creatures
  A hound (D:4)
  2 adders (D:2)
  A white imp (D:4)
  A dart slug (D:1)
  2 orcs
  4 endoplasms
  2 giant cockroaches
  5 goblins
  5 hobgoblins
  3 jackals (D:3)
  4 kobolds
  3 quokkas
  7 ball pythons
  4 bats
  A frilled lizard (D:1)
  7 rats
52 creatures vanquished.

Vanquished Creatures (others)
  A wizard (D:3)
1 creature vanquished.

Grand Total: 53 creatures vanquished

Notes
Turn   | Place    | Note
-------+----------+-------------------------------------------
     0 | D:1      | ZARRMARR the Draconian Conjurer began the quest for the
                  | Orb.
     0 | D:1      | Reached XP level 1. HP: 14/14 MP: 3/3
   176 | D:1      | Reached XP level 2. HP: 20/20 MP: 0/5
   380 | D:1      | Found Givesire's Distillery.
  1015 | D:2      | Reached XP level 3. HP: 26/26 MP: 2/6
  1316 | D:2      | Found Fepuull's Magic Scroll Shop.
  1324 | D:2      | Bought a scroll of identify for 26 gold pieces
  1442 | D:2      | Reached skill level 5 in Conjurations
  2712 | D:3      | Found a shimmering blue altar of Sif Muna.
  2760 | D:3      | Became a worshipper of Sif Muna the Loreminder
  2930 | D:3      | Reached XP level 4. HP: 33/33 MP: 4/7
  3027 | D:3      | Found a bloodstained altar of Trog.
  3028 | D:3      | Noticed a wizard
  3033 | D:3      | Killed a wizard
  3814 | D:4      | Identified 2 scrolls of acquirement
  3876 | D:4      | Found a stormy altar of Qazlal.
  3911 | D:4      | Found Vagg's Elemental Accessories.
  4667 | D:4      | Found a radiant altar of Vehumet.
  4932 | D:5      | Entered Level 5 of the Dungeon
  4947 | D:5      | Noticed a scorpion
  4955 | D:5      | HP: 1/34 [scorpion (7)]
  4955 | D:5      | Slain by a scorpion

Illustrated notes

Levels and vault maps discovered:
D:1:      wander_arrival_chamber, layout_rooms, serial_shops,
          nicolae_shop_statue_plus
D:2:      layout_loops_ring, serial_shops, shop_scrolls,
          kennysheep_decorative_pillar
D:3:      layout_basic, trog_wizard, mainiacjoe_overflow_concentric_impassable
D:4:      layout_layer_cave, nicolae_qazlal_general_emergency,
          mainiacjoe_overflow_surrounded_room, nicolae_elemental_shop
D:5:      layout_cave_pools, lemuel_round_altar, guppyfry_shop_venom, uniq_ijyb

Skill      XL: |  1  2  3 |
---------------+----------+-----
Dodging        | 2 |  2.1
Conjurations   | 5 |  5.2
Stealth        | 2 |  2.1
Fighting       | |  0.5
Maces & Flails | |  0.9
Spellcasting   | |  2.6

Action                   |  1- 3 |  4- 6 || total
-------------------------+-------+-------++-------
Melee: Whip              |    58 |    26 ||    84
       Tailslap          |     3 |     4 ||     7
 Cast: Magic Dart        |    76 |    19 ||    95
  Use: Scroll            |     6 |     2 ||     8
 Stab: Sleeping          |     1 |       ||     1
Armor: Skin              |    18 |    10 ||    28
Dodge: Dodged            |    31 |    14 ||    45
